 Dungeon Crawl Stone Soup version 0.29-a0-1019-g84f7d21838 (webtiles) character file.

Game seed: 10651963591357892992

290 siradein the Trooper (level 6, -3/53 HPs)
             Began as a Ghoul Fighter on Aug 10, 2022.
             Slain by an ogre
             ... wielding a +0 giant club
              (12 damage)
             ... on level 4 of the Dungeon.
             The game lasted 00:13:12 (4177 turns).

siradein the Trooper (Ghoul Fighter)                Turns: 4177, Time: 00:13:12

Health: -3/53      AC:  8    Str: 20    XL:     6   Next: 32%
Magic:  5/5        EV:  9    Int:  3    God:
Gold:   147        SH:  5    Dex: 16    Spells: 5/5 levels left

rFire   . . .      SeeInvis .   a - +0 trident
rCold   + . .      Faith    .   c - +0 buckler
rNeg    + + +      Spirit   .   b - +0 scale mail
rPois   ∞          Reflect  .   (no helmet)
rElec   .          Harm     .   f - +0 cloak
rCorr   .          Rampage  .   (no gloves)
Will    .....                   (no boots)
Stlth   ..........              (no amulet)
HPRegen 0.00/turn               l - +6 ring of dexterity
MPRegen 0.09/turn               (no ring)

@: inhibited regen
A: claws 1, cold resistance 1, negative energy resistance 3, inhibited
regeneration, torment resistance 2, devour on kill
a: no special abilities


You were on level 4 of the Dungeon.
You visited 1 branch of the dungeon, and saw 4 of its levels.

You collected 293 gold pieces.
You spent 146 gold pieces at shops.

Inventory:

Hand Weapons
 a - a +0 trident (weapon)
Missiles
 o - 34 stones (quivered)
Armour
 b - a +0 scale mail (worn)
 c - a +0 buckler (worn)
 f - a +0 cloak (worn)
Jewellery
 l - a +6 ring of dexterity (left claw)
Scrolls
 g - 2 scrolls of poison
 h - a scroll of fear {unknown}
 k - 2 scrolls of immolation
 m - 2 scrolls of teleportation
 n - 2 scrolls of amnesia {unknown}
 v - a scroll of acquirement {unknown}
 w - a scroll of magic mapping {unknown}
Potions
 d - 2 potions of might
 i - 2 potions of haste
 j - a potion of heal wounds
 p - 4 potions of curing
 q - a potion of flight {unknown}
 r - a potion of attraction {unknown}
 s - a potion of resistance {unknown}
 t - 3 potions of invisibility
 u - a potion of lignification {unknown}


   Skills:
 + Level 4.7 Fighting
 + Level 3.2 Polearms
 + Level 3.9 Armour
 + Level 3.8 Shields


You had 5 spell levels left.
You didn't know any spells.
Your spell library contained the following spells:

 Spells                   Type           Power      Damage    Failure   Level
 Magic Dart               Conj           0%         1d3       92%         1
 Call Imp                 Summ           0%         N/A       98%         2
 Mephitic Cloud           Conj/Pois/Air  0%         N/A       100%        3


Dungeon Overview and Level Annotations

Branches:
Dungeon (4/15)
 Temple: D:4-7

Altars:
Cheibriados
Uskayaw

Shops:
D:1 :   D:3 *!=:(   D:4 *

Annotations:
D:3 3 runed translucent doors, clovenhoof's ghost, amateur DrVM


Innate Abilities, Weirdness & Mutations

You are immune to poison.
You have sharp fingernails.
Your flesh is cold resistant. (rC+)
You are immune to negative energy. (rN+++)
You do not regenerate when monsters are visible.
You are immune to unholy pain and torment.
You thrive by killing the living.


Message History

The hound bites you.
You puncture the hound!
You kill the hound!
You feel better.
You puncture the ogre!
The ogre is moderately wounded.
The ogre barely misses you.
You barely miss the ogre.
The ogre is moderately wounded.
The ogre closely misses you.
You barely miss the ogre.
The ogre is moderately wounded.
The ogre barely misses you.
You hit the ogre but do no damage.
The ogre is moderately wounded.
You closely miss the ogre.
The ogre is moderately wounded.
The ogre barely misses you.
You barely miss the ogre.
The ogre is moderately wounded.
The ogre hits you with a +0 giant club.
You puncture the ogre!
The ogre is heavily wounded.
The ogre hits you with a +0 giant club!
You barely miss the ogre.
The ogre is heavily wounded.
The ogre closely misses you.
You barely miss the ogre.
The ogre is heavily wounded.
The ogre barely misses you.
You hit the ogre.
The ogre is severely wounded.
You hit the ogre.
The ogre is severely wounded.
The ogre hits you with a +0 giant club!!
* * * LOW HITPOINT WARNING * * *
You hit the ogre but do no damage.
The ogre is severely wounded.
The ogre hits you with a +0 giant club!
You die...

#.##....#.#######'##
#.##....#.##........
#>..................
#.##....####........
#.##....############
#.##...............#
#.##...###########.#
#.###.....#...# #.#
#..@O.........# #.#
######......#.####.#
######.........
#..........
#.......... ####
#........## .....
#..#.#.#.#
......##..#...#.##
......'...#.......


You could see an ogre.

Vanquished Creatures
  2 hounds (D:4)
  An orc priest (D:2)
  An orc wizard (D:2)
  A mummy (D:3)
  3 gnolls (D:3)
  4 adders
  2 worms
  A dart slug (D:1)
  7 orcs (D:2)
  3 endoplasms
  5 giant cockroaches
  8 goblins
  6 hobgoblins
  7 kobolds
  3 quokkas
  11 ball pythons
  6 bats
  4 frilled lizards
  5 rats
80 creatures vanquished.

Vanquished Creatures (others)
  A bat (D:3)
  3 fungi (D:1)
  3 plants (D:1)
7 creatures vanquished.

Grand Total: 87 creatures vanquished

Notes
Turn   | Place    | Note
-------+----------+-------------------------------------------
     0 | D:1      | siradein the Ghoul Fighter began the quest for the Orb.
     0 | D:1      | Reached XP level 1. HP: 19/19 MP: 0/0
    69 | D:1      | Reached XP level 2. HP: 20/26 MP: 1/1
   534 | D:1      | Reached XP level 3. HP: 30/31 MP: 2/2
   569 | D:1      | Found Museuhof's Vocational Training.
  1436 | D:2      | Reached XP level 4. HP: 38/40 MP: 3/3
  1506 | D:2      | Reached skill level 4 in Fighting
  1757 | D:2      | You fall into a shaft and drop 2 floors!
  1802 | D:4      | Reached XP level 5. HP: 40/46 MP: 4/4
  2052 | D:3      | Found Mesevapu's Book Shop.
  2063 | D:3      | Found Ammusch's Jewellery Boutique.
  2092 | D:3      | Found Ywkur's Distillery.
  2592 | D:3      | Bought a potion of degeneration for 14 gold pieces
  2721 | D:3      | Found Urumed's Antique Weapon Emporium.
  2922 | D:3      | Found Qiyv's General Store.
  2928 | D:3      | Bought a scroll of teleportation for 36 gold pieces
  2943 | D:3      | Bought a potion of invisibility for 96 gold pieces
  3026 | D:3      | Found a runed translucent gate.
  3026 | D:3      | Found a runed translucent gate.
  3026 | D:3      | Found a runed translucent gate.
  3026 | D:3      | Noticed clovenhoof's ghost (amateur DrVM)
  3311 | D:3      | Found a snail-covered altar of Cheibriados.
  3533 | D:3      | Reached XP level 6. HP: 45/53 MP: 5/5
  3994 | D:4      | Found a hide-covered altar of Uskayaw.
  4088 | D:4      | Found Zin's Purification Station.
  4177 | D:4      | Slain by an ogre

Illustrated notes

Levels and vault maps discovered:
D:1:      lemuel_arrival_muddy, layout_rooms, minivault_4,
          minmay_misc_feat_roman, grunt_decor_fettered, nicolae_shop_vocational
D:2:      layout_loops_ring, chequers_serial_rivers_micro_e,
          kennysheep_flooded_box, amcnicky_mini_rare_corridor_liquid
D:3:      layout_loops_corners, slow_altar_2, elyvilon_altar_4, serial_shops,
          nicolae_shop_hallway_stairs, shop, shop, shop_fountains,
          nicolae_shop_stone, ebering_ghost_rock_garden
D:4:      layout_basic, zin_purify, eat_drink_and_be_merry_uskayaw

Skill      XL: |  1  2  3  4  5 |
---------------+----------------+-----
Polearms       | 2 3 |  3.2
Armour         | 3 |  3.9
Shields        | 3 |  3.8
Fighting       | 4 |  4.7

Action                   |  1- 3 |  4- 6 || total
-------------------------+-------+-------++-------
Melee: Trident           |   127 |   161 ||   288
  Use: Potion            |       |     1 ||     1
       Scroll            |       |     4 ||     4
Armor: Scale mail        |    57 |    49 ||   106
Dodge: Dodged            |    61 |    59 ||   120
Block: Buckler           |    28 |    38 ||    66

Table legend: (Time is in decaauts)
 A = Elapsed time spent in this place.
 B = Non-inter-level travel time spent in this place.
 C = Inter-level travel time spent in this place.
 D = Time resting spent in this place.
 E = Time spent auto-exploring this place.
 F = Levels seen in this place.
 G = Mean time per level.
                   A        B        C        D        E       F      G
               +--------+--------+--------+--------+--------+-----+--------+
         Total |   4240 |   3995 |    245 |    197 |   3175 |   4 | 1060.0 |
       Dungeon |   4240 |   3995 |    245 |    197 |   3175 |   4 | 1060.0 |
               +--------+--------+--------+--------+--------+-----+--------+

Top non-repeatable levels by time:
     D:3: 1365 daAuts
     D:1: 1259 daAuts
     D:2: 1033 daAuts
     D:4: 581 daAuts
